 Dungeon Crawl Stone Soup version 0.28.0-1-gb440e238dd (webtiles) character file.

Game seed: 11377845944693409695

81 pkoi the Gusty (level 4, -7/33 HPs)
             Began as a Draconian Air Elementalist on Feb 20, 2022.
             Shot with an arrow by a centaur (9 damage)
             ... on level 4 of the Dungeon.
             The game lasted 00:03:44 (4407 turns).

pkoi the Gusty (Draconian Air Elementalist)         Turns: 4407, Time: 00:03:44

Health: -7/33      AC:  5    Str: 11    XL:     4   Next: 20%
Magic:  5/7        EV: 12    Int: 17    God:
Gold:   114        SH:  0    Dex: 11    Spells: 6/7 levels left

rFire   . . .      SeeInvis .   d - +0 whip
rCold   . . .      Faith    .   (no shield)
rNeg    . . .      Spirit   .   (armour unavailable)
rPois   .          Reflect  .   (helmet restricted)
rElec   .          Harm     .   (no cloak)
rCorr   .          Rampage  .   (no gloves)
Will    .....                   (no boots)
Stlth   ++........              (no amulet)
HPRegen 0.11/turn               (no ring)
MPRegen 0.10/turn               (no ring)

@: no status effects
A: AC +5, unfitting armour, cold-blooded
a: no special abilities


You were on level 4 of the Dungeon.
You visited 1 branch of the dungeon, and saw 4 of its levels.

You collected 114 gold pieces.

Inventory:

Hand Weapons
 b - a +0 club
 c - a +0 dagger
 d - a +0 whip (weapon)
Jewellery
 e - an amulet of the acrobat
 j - an amulet of faith
 m - a ring of positive energy
 o - a +6 ring of intelligence
Wands
 f - a wand of iceblast (11)
Scrolls
 a - 2 scrolls of blinking {unknown}
 g - a scroll of enchant weapon {unknown}
 h - a scroll of identify {unknown}
 l - a scroll of holy word {unknown}
 n - a scroll of magic mapping {unknown}
 p - a scroll of teleportation {unknown}
Potions
 i - a potion of haste {unknown}
 k - a potion of brilliance {unknown}


   Skills:
 - Level 1.7 Dodging
 - Level 1.7 Stealth
 - Level 2.0 Spellcasting
 - Level 1.0 Conjurations
 + Level 5.1 Air Magic


You had 6 spell levels left.
You knew the following spells:

 Your Spells              Type           Power      Damage    Failure   Level
a - Shock                 Conj/Air       48%        1d6       5%          1

Your spell library contained the following spells:

 Spells                   Type           Power      Damage    Failure   Level
 Swiftness                Air            19%        N/A       7%          3
 Static Discharge         Conj/Air       12%        N/A       9%          2
 Airstrike                Air            9%         N/A       24%         4


Dungeon Overview and Level Annotations

Branches:
Dungeon (4/15)
 Temple: D:4-7

Altars:
Makhleb

Annotations:
D:3 2 runed translucent doors, Jingleheimer's ghost, amateur DsFi


Innate Abilities, Weirdness & Mutations

Your plain brown scales are hard. (AC +5)
You cannot fit into any form of body armour.
You are cold-blooded and may be slowed by cold attacks.


Message History

A hobgoblin comes into view.
The zap hits the hobgoblin.
The hobgoblin is lightly wounded.
The zap hits the hobgoblin.
The hobgoblin is heavily wounded.
The zap hits the hobgoblin.
The hobgoblin is almost dead.
The zap hits the hobgoblin.
You kill the hobgoblin!
You start resting.
Magic restored.
An orc wizard comes into view. It is wielding a +0 dagger.
An orc wizard is nearby!
The zap hits the orc wizard.
The orc wizard is moderately wounded.
The orc wizard shouts!
You hear a shout!
A centaur comes into view.
The zap hits the orc wizard.
The orc wizard is moderately wounded.
The centaur shouts!
The centaur wields a +0 shortbow.
The centaur shoots an arrow.
The arrow hits you!
* * * LOW HITPOINT WARNING * * *
You are too injured to fight recklessly!
You are too injured to fight recklessly!
You are too injured to fight recklessly!
A ball python, an ogre and a hound come into view.
The orc wizard gestures at you while chanting.
The magic dart hits you.
* * * LOW HITPOINT WARNING * * *
The centaur shoots an arrow.
The arrow hits you!
* * * LOW HITPOINT WARNING * * *
The ball python hisses angrily.
You hear an angry hiss.
The centaur shoots an arrow.
The arrow hits you but does no damage.
A necrophage comes into view.
The centaur shoots an arrow.
The arrow hits you!
* * * LOW HITPOINT WARNING * * *
The centaur shoots an arrow.
The arrow hits you!
You die...

### # .... . #...
#. ##.†#
#.#####...)#
#.c.... ##.#### #
###)...###.....#
#.#...#.........)#
...S....@###....<#
.n#.....# #.....#
#..#...## #.)...#
.#.....# #######
...O.#†.#
##....h.#
...#.o..#
#.#...#..
.#..#....


You could see an ogre, a necrophage, a centaur, a hound, an orc wizard and a
ball python.

Vanquished Creatures
  2 adders
  A worm (D:3)
  A dart slug (D:4)
  5 orcs
  6 ball pythons
  5 endoplasms
  2 giant cockroaches
  4 hobgoblins
  3 jackals (D:3)
  2 kobolds
  4 quokkas
  2 bats (D:3)
  4 frilled lizards
  4 goblins
  5 rats
50 creatures vanquished.

Notes
Turn   | Place    | Note
-------+----------+-------------------------------------------
     0 | D:1      | pkoi the Draconian Air Elementalist began the quest for the
                  | Orb.
     0 | D:1      | Reached XP level 1. HP: 14/14 MP: 3/3
   531 | D:1      | Reached XP level 2. HP: 20/20 MP: 0/5
  1464 | D:2      | Reached skill level 4 in Air Magic
  1593 | D:2      | Found a faded altar of an unknown god.
  1863 | D:2      | Reached XP level 3. HP: 19/26 MP: 0/6
  2682 | D:3      | Found a runed translucent door.
  2689 | D:3      | Noticed Jingleheimer's ghost (amateur DsFi)
  3852 | D:3      | Found a runed translucent door.
  3874 | D:3      | Reached XP level 4. HP: 33/33 MP: 2/7
  4003 | D:3      | Found a burning altar of Makhleb.
  4127 | D:3      | Reached skill level 5 in Air Magic
  4403 | D:4      | Noticed a centaur
  4405 | D:4      | Noticed an ogre
  4407 | D:4      | Noticed a necrophage
  4407 | D:4      | Shot with an arrow by a centaur

Illustrated notes

Levels and vault maps discovered:
D:1:      minmay_arrival_glassed_features, layout_loops_ring
D:2:      layout_basic, serial_forest, infiniplex_forest_straight_2,
          infiniplex_forest_lined_3_way, infiniplex_forest_clump_tiny,
          infiniplex_forest_clump_diagonal, infiniplex_forest_end_2,
          infiniplex_forest_straight_3, infiniplex_forest_lined_2,
          infiniplex_forest_clump_C, nicolae_ecumenical_lake_church
D:3:      layout_basic, lemuel_coloured_pillars_altar, ebering_ghost_sewer_f,
          chequers_serial_rivers_small_a, kennysheep_generic_room_10
D:4:      layout_rooms, fedhas_altar_decomposition, minmay_increasing_density

Skill      XL: |  1  2  3  4 |
---------------+-------------+-----
Air Magic      | 4 5 |  5.1
Dodging        | |  1.7
Stealth        | |  1.7
Spellcasting   | |  2.0
Conjurations   | |  1.0

Action                   |  1- 3 |  4- 6 || total
-------------------------+-------+-------++-------
Melee: Club              |    25 |       ||    25
       Tailslap          |     3 |       ||     3
       Whip              |    36 |       ||    36
 Cast: Shock             |   101 |    21 ||   122
 Stab: Sleeping          |     1 |       ||     1
Armor: Skin              |    16 |     3 ||    19
Dodge: Dodged            |    40 |     3 ||    43
